 Dungeon Crawl Stone Soup version 0.25-a0-424-g80bd347ae0 (webtiles) character file.

Game seed: 5277865493096963214, levelgen mode: deterministic

1006 dotty the Chopper (level 8, 63/63 HPs)
             Began as a Demonspawn Berserker on Jan 22, 2020.
             Was a Priest of Trog.
             Quit the game on level 5 of the Dungeon.
             The game lasted 00:23:13 (3909 turns).

dotty the Chopper (Demonspawn Berserker)            Turns: 3909, Time: 00:23:13

Health: 63/63      AC: 13    Str: 16 (18) XL:     8   Next: 0%
Magic:  8/8        EV: 10    Int:  6 (8)  God:    Trog [***...]
Gold:   307        SH:  4    Dex: 15 (18) Spells: 7/7 levels left

rFire    + . .     SeeInvis .   u - +1 war axe (elec)
rCold    . . .     Gourm    .   w - +0 buckler
rNeg     . . .     Faith    .   e - +0 plate armour
rPois    .         Spirit   .   (no helmet)
rElec    .         Reflect  .   (no cloak)
rCorr    .         Harm     .   (no gloves)
MR       .....                  (no boots)
Stlth    ..........             t - amulet of regeneration
HPRegen  0.60/turn              (no ring)
MPRegen  0.11/turn              (no ring)

@: agile, hasted, very quick
A: hooves 2, rugged brown scales 1, fire resistance 1, nightstalker 1, inhibited
regeneration, weak 1, subdued magic 1
a: Berserk, Trog's Hand, Renounce Religion


You were on level 5 of the Dungeon.
You worshipped Trog.
Trog was most pleased with you.
You were not hungry.

You visited 1 branch of the dungeon, and saw 5 of its levels.

You collected 307 gold pieces.

Inventory:

Hand Weapons
 a - a +0 hand axe
 u - a +1 war axe of electrocution (weapon)
Missiles
 d - 119 stones (quivered)
 k - 4 boomerangs
 r - 46 sling bullets
Armour
 b - a +0 animal skin
 e - a +0 plate armour (worn)
 w - a +0 buckler (worn)
Jewellery
 t - an amulet of regeneration (around neck)
Wands
 s - a wand of paralysis (6)
 z - a wand of iceblast (8)
Scrolls
 i - a scroll of teleportation {unknown}
 m - 4 scrolls of remove curse
Potions
 f - 4 potions of curing
 g - 5 potions of invisibility
 h - 3 potions of might
 j - 3 potions of flight
 o - a potion of lignification
 q - a potion of agility
Comestibles
 c - 7 rations
 C - a chunk of flesh


   Skills:
 + Level 5.1 Fighting
 + Level 6.3 Axes
 + Level 4.4 Armour
 + Level 2.5 Dodging
 + Level 1.0 Stealth
 + Level 0.6 Shields


You had 7 spell levels left.
You didn't know any spells.
Your spell library was empty.

Dungeon Overview and Level Annotations

Branches:
Dungeon (5/15)             Temple (0/1) D:4

Altars:
Ru
Sif Muna
Vehumet


Innate Abilities, Weirdness & Mutations

You have hoof-like feet.
You are partially covered in rugged brown scales. (AC +1, +3% HP)
You are slightly more attuned to the shadows.
Your flesh is heat resistant. (rF+)
You do not regenerate when monsters are visible.
You are weak. (Str -2)
Your spells are a little easier to cast, but a little less powerful.


Message History

You cannot fly right now.
It was a potion of magic.
Magic courses through your body.
It was a potion of cancellation.
Your magical effects are unravelling.
You feel magically purged.
You feel less wooden.
Your +0 plate armour unmelds from your body.
You feel a little less clever now.
It was a potion of haste.
You feel yourself speed up.
It was a potion of agility.
You feel agile all of a sudden.
It was a potion of degeneration.
There was something very wrong with that liquid.
You feel weakened.
You feel dopey.
You feel clumsy.
Drop what? 23/52 slots (_ for help) (? for menu, Esc to quit)
You drop a potion of degeneration.
It was a potion of mutation.
You feel extremely strange.
Your regeneration stops near monsters.
Your connection to magic feels subdued.
You feel weaker.
You feel resistant to heat.
Are you sure you want to abandon this character and quit the game? (Confirm with "yes".)

#.# #.# #######.#
#.# ........# #.#
.#################.#
..##.............#.#
#.##.###########.#.#
#.##.# #.....#
#.##.# #####.#.#.#
#.##.# #......@..#
#.##.#####.###.#.#.#
#..........# #.....#
####.####### ###<###
#.###########.#
#.............#
###############


There were no monsters in sight!

Vanquished Creatures
  Sigmund (D:4)
  A sky beast (D:5)
  2 ogres
  An ice beast (D:5)
  Blork the orc (D:4)
  A water moccasin skeleton (D:3)
  A crimson imp (D:5)
  A hound (D:5)
  An orc priest (D:3)
  3 orc wizards
  Ijyb (D:4)
  Robin (D:2)
  3 worker ant zombies (D:3)
  5 adders
  A shadow imp (D:5)
  An adder zombie (D:3)
  2 adder skeletons (D:3)
  2 worms (D:3)
  4 leopard geckos
  6 orcs
  4 giant cockroaches
  12 goblins
  7 hobgoblins
  3 jackals (D:4)
  8 kobolds
  2 quokkas
  6 bats
  4 frilled lizards
  3 leopard gecko skeletons
  A quokka skeleton (D:3)
  6 rats
  4 plants (D:3)
99 creatures vanquished.

Notes
Turn   | Place    | Note
-------+----------+-------------------------------------------
     0 | D:1      | dotty the Demonspawn Berserker began the quest for the Orb.
     0 | D:1      | Reached XP level 1. HP: 18/18 MP: 1/1
   184 | D:1      | Gained mutation: You are partially covered in rugged brown
                  | scales. (AC +1, +3% HP) [demonic ancestry]
   184 | D:1      | Reached XP level 2. HP: 17/24 MP: 2/2
   189 | D:1      | Reached skill level 3 in Axes
  1084 | D:2      | Reached ** piety under Trog
  1153 | D:2      | Reached XP level 3. HP: 29/29 MP: 3/3
  1183 | D:2      | Noticed Robin
  1196 | D:2      | Killed Robin
  1519 | D:3      | Gained mutation: You have large cloven feet. [demonic
                  | ancestry]
  1519 | D:3      | Reached XP level 4. HP: 28/38 MP: 4/4
  1995 | D:3      | Gained mutation: You have hoof-like feet. [demonic
                  | ancestry]
  1995 | D:3      | Reached XP level 5. HP: 43/43 MP: 5/5
  1999 | D:3      | Reached skill level 4 in Axes
  2001 | D:3      | Reached skill level 1 in Stealth
  2013 | D:3      | Gained mutation: You are slightly more attuned to the
                  | shadows. [demonic ancestry]
  2013 | D:3      | Reached XP level 6. HP: 38/50 MP: 6/6
  2388 | D:3      | Reached *** piety under Trog
  2789 | D:4      | Found a staircase to the Ecumenical Temple.
  2792 | D:4      | Noticed Sigmund
  2806 | D:4      | Killed Sigmund
  2806 | D:4      | Reached skill level 5 in Axes
  2806 | D:4      | Reached XP level 7. HP: 52/56 MP: 7/7
  2895 | D:4      | Noticed Ijyb
  2897 | D:4      | Paralysed by Ijyb for 5 turns
  2907 | D:4      | Killed Ijyb
  3035 | D:4      | Noticed Blork the orc
  3047 | D:4      | Killed Blork the orc
  3104 | D:4      | Found a shimmering blue altar of Sif Muna.
  3243 | D:5      | Entered Level 5 of the Dungeon
  3268 | D:5      | Reached skill level 5 in Fighting
  3548 | D:5      | Reached skill level 6 in Axes
  3593 | D:5      | Reached XP level 8. HP: 59/63 MP: 8/8
  3648 | D:5      | Found a sacrificial altar of Ru.
  3648 | D:5      | Found a radiant altar of Vehumet.
  3908 | D:5      | Gained mutation: You do not regenerate when monsters are
                  | visible. [potion of mutation]
  3908 | D:5      | Gained mutation: Your spells are a little easier to cast,
                  | but a little less powerful. [potion of mutation]
  3908 | D:5      | Gained mutation: You are weak. (Str -2) [potion of
                  | mutation]
  3908 | D:5      | Gained mutation: Your flesh is heat resistant. (rF+)
                  | [potion of mutation]
  3909 | D:5      | Quit the game

Levels and vault maps discovered:
D:1:      mrwooster_arrival_statue_3, layout_loops_ring
D:2:      layout_loops_ring, uniq_robin
D:3:      layout_loops_ring, serial_undead, serial_undead_b, serial_undead_e,
          serial_undead_b, serial_undead_a, serial_undead_b, serial_undead_d,
          first_ration, serial_bayou_lagoon_a, minmay_misc_feat_roman
D:4:      layout_cave_pools, minmay_temple_entry_arrows, tgw_sif, uniq_ijyb,
          uniq_sigmund
D:5:      layout_loops_ring, gammafunk_temple_overflow_wave, st_stairs_11

Skill      XL: |  1  2  3  4  5  6  7 |
---------------+----------------------+-----
Axes           | 3 4 5 6 |  6.3
Armour         | 2 3 4 |  4.4
Dodging        | 2 |  2.5
Fighting       | 4 5 |  5.1
Stealth        | 1 |  1.0
Shields        | |  0.6

Action                   |  1- 3 |  4- 6 |  7- 9 || total
-------------------------+-------+-------+-------++-------
Melee: Hand axe          |   128 |    70 |       ||   198
       Kick              |       |    40 |    15 ||    55
       War axe           |       |    85 |    50 ||   135
Invok: Berserk           |     1 |     2 |     3 ||     6
       Trog's Hand       |       |     2 |     3 ||     5
  Use: Scroll            |     3 |       |     2 ||     5
       Potion            |       |       |    12 ||    12
  Eat: Chunk             |     2 |     5 |     4 ||    11
       Ration            |       |     1 |     1 ||     2
Armor: Animal skin       |    11 |       |       ||    11
       Plate armour      |    68 |    93 |    30 ||   191
Dodge: Dodged            |    50 |    63 |    13 ||   126
Block: Buckler           |       |     3 |     6 ||     9

Table legend:
 A = Non-vault XP
 B = Vault XP
 C = Vault XP percentage of total XP
 D = Non-vault monster count
 E = Vault monster count
 F = Vault count percentage of total count
                 A         B        C        D         E       F
            +---------+---------+-------+---------+---------+-------
      Total |     807 |     631 |  43.9 |      71 |      24 |  25.3
            +---------+---------+-------+---------+---------+-------
        D:1 |      31 |       0 |   0.0 |      18 |       0 |   0.0
        D:2 |      10 |      34 |  77.3 |       7 |      11 |  61.1
        D:3 |     215 |     135 |  38.6 |      25 |       9 |  26.5
        D:4 |     136 |     340 |  71.4 |       7 |       3 |  30.0
        D:5 |     415 |     122 |  22.7 |      14 |       1 |   6.7
            +---------+---------+-------+---------+---------+-------
